 Dungeon Sprint DCSS version 0.18-a0-1789-gbeff17f (webtiles) character file.

495954 wvc the Conqueror (level 24, -8/227 HPs)
             Began as a Formicid Fighter on Apr 21, 2016.
             Was the Champion of Cheibriados.
             Mangled by Daoxt the pandemonium lord (25 damage)
             ... in the Dungeon (Sprint IX: "|||||||||||||||||||||||||||||").
             The game lasted 00:41:12 (13006 turns).

wvc the Conqueror (Formicid Fighter)               Turns: 13006, Time: 00:41:14

Health: -8/227     AC: 45    Str: 46    XL:     24   Next: 19%
Magic:  54/54      EV: 36    Int: 29    God:    Cheibriados [******]
Gold:   1068       SH: 35    Dex: 34    Spells: 0 memorised, 77 levels left

rFire  + . .     SeeInvis +     s - +5 great sword "Otseuxze" {flame, rN+ Int+5 Dex-2 Stlth+}
rCold  + . .     Gourm    .     C - +6 gold dragon armour
rNeg   + + +     Faith    .     q - +0 large shield {AC+3}
rPois  +         Spirit   .     (helmet unavailable)
rElec  +         Dismiss  .     u - +2 cloak
rCorr  .         Reflect  +     G - +0 pair of gloves {Str+3}
SustAt .         Harm     .     F - +1 pair of boots
MR     ++...                    M - amulet "Reterr" {Reflect rElec rN++ Str+4 SH+2 Stlth-}
Stlth  ++........               y - ring of Shadows {Umbra +Inv rN+ SInv}
                                a - +5 ring of dexterity

@: wreathed by umbra, very slow, very resistant to hostile enchantments,
unstealthy
A: permanent stasis, dig shafts and tunnels, four strong arms, antennae 3,
clumsy 1
a: Dig, Bend Time, Temporal Distortion, Slouch, Step From Time, Renounce
Religion, Evoke Invisibility
0: Orb of Zot
}: 7/15 runes: decaying, serpentine, barnacled, slimy, elven, silver, gossamer


You were in the Dungeon.
You worshipped Cheibriados.
Cheibriados was exalted by your worship.
You were full.

You visited 1 branch You collected 1952 gold pieces.
You spent 884 gold pieces at shops.

Inventory:

Hand Weapons
 k - a +1 great sword
 p - a +2 scimitar of electrocution
 r - the +5 demon blade of Linearity {freeze, rF+ Int+4 SInv}
   (You found it in the Dungeon)

   It has been specially enchanted to freeze those struck by it, causing extra
   injury to most foes and up to half again as much damage against particularly
   susceptible opponents.
   It can also slow down cold-blooded creatures.
   It affects your intelligence (+4).
   It protects you from fire.
   It lets you see invisible.
 s - the +5 great sword "Otseuxze" (weapon) {flame, rN+ Int+5 Dex-2 Stlth+}
   (You found it in the Dungeon)

   It has been specially enchanted to burn those struck by it, causing extra
   injury to most foes and up to half again as much damage against particularly
   susceptible opponents.
   Big, fiery blades are also staple armaments of hydra-hunters.
   It affects your intelligence (+5).
   It affects your dexterity (-2).
   It protects you from negative energy.
   It makes you more stealthy.
 H - a +1 demon blade of draining
 I - a +4 scimitar of holy wrath
Armour
 q - a +0 large shield of protection (worn)
 u - a +2 cloak (worn)
 C - a +6 gold dragon armour (worn)
 F - a +1 pair of boots (worn)
 G - a +0 pair of gloves of strength (worn)
Jewellery
 a - a +5 ring of dexterity (left hand)
 b - an uncursed ring of poison resistance
 c - the ring "Qijaej" {rF- rC+ MR+ Int+3}
   (You found it in the Dungeon)

   [ring of protection from cold]

   It affects your intelligence (+3).
   It makes you vulnerable to fire.
   It protects you from cold.
   It affects your resistance to hostile enchantments.
 y - the ring of Shadows (right hand) {Umbra +Inv rN+ SInv}
   (You bought it in a shop in the Dungeon)

   [ring of positive energy]

   It protects you from negative energy.
   It lets you see invisible.
   It lets you turn invisible.
 M - the amulet "Reterr" (around neck) {Reflect rElec rN++ Str+4 SH+2 Stlth-}
   (You found it in the Dungeon)

   [amulet of reflection]

   It shields you and reflects attacks.
   It affects your strength (+4).
   It insulates you from electricity.
   It greatly protects you from negative energy.
   It affects your SH (+2).
   It makes you less stealthy.
Wands
 o - a wand of acid (0/15)
Scrolls
 m - 8 scrolls of remove curse
 n - 2 scrolls of amnesia
 t - 6 scrolls of enchant weapon
 v - 6 scrolls of fog
 w - 5 scrolls of identify
 x - 3 scrolls of fear
 A - a scroll of magic mapping
 E - a scroll of recharging
Potions
 d - 5 potions of brilliance
 e - a potion of invisibility
 g - a potion of cure mutation
 i - 3 potions of magic
 l - a potion of curing
 z - a potion of agility
 D - a potion of might
Comestibles
 f - 7 fruits
 h - 12 bread rations
 j - 12 meat rations


   Skills:
 O Level 27 Fighting
 O Level 27 Long Blades
 O Level 27 Throwing
 O Level 27 Armour
 O Level 27 Dodging
 O Level 27 Stealth
 O Level 27 Shields
 + Level 18.6 Unarmed Combat
 O Level 27 Spellcasting
 O Level 27 Invocations
 O Level 27 Evocations


You had 77 spell levels left.
You didn't know any spells.

Dungeon Overview and Level Annotations

Branches:
Dungeon (1/1)

Altars:
Cheibriados
Dithmenos
Elyvilon
Fedhas
Gozag
Kikubaaqudgha
Makhleb
Nemelex Xobeh
Okawaru
Pakellas
Qazlal
Ru
Sif Muna
Trog
Vehumet
Xom
Yredelemnul
Zin
The Shining One
Beogh
Jiyva
Lugonu

Shops:
D =}}*


Innate Abilities, Weirdness & Mutations

You are under a permanent stasis effect.
You can dig through walls and to a lower floor.
Your four strong arms can wield two-handed weapons with a shield.
You have a pair of large antennae on your head (SInv).
You are clumsy. (Dex -2)


Message History

Cheibriados thoroughly appreciates the change of pace.
You barely miss Daoxt. You block Daoxt's attack.
You hit Daoxt but do no damage. You slice Daoxt!! You burn Daoxt!
Daoxt is lightly wounded.
You block Daoxt's attack.
An Orb Guardian comes into view.
You hit Daoxt but do no damage.
Daoxt is lightly wounded.
You block Daoxt's attack.
You slash Daoxt! You burn Daoxt.
Daoxt is moderately wounded.
You block Daoxt's attack.
You slash Daoxt! You burn Daoxt.
Daoxt is moderately wounded.
The ynoxinul gestures.
Daoxt hits you!
* * * LOW HITPOINT WARNING * * *
Space warps horribly around you!
You die...

.{...........................[...
▓▓▓▓▓▓▓▓▓▓▓▓▓▓▓▓▓▓▓▓▓▓▓▓▓▓▓▓▓▓▓▓▓
[)).))...(()([...∩.∩.∩.∩.....'...
▓▓▓▓▓▓▓▓▓▓▓▓▓▓▓▓▓▓▓▓▓▓▓▓▓▓▓▓▓▓▓▓▓
.................................
▓▓▓▓▓▓▓▓▓▓▓▓▓▓▓▓▓▓▓▓▓▓▓▓▓▓▓▓▓▓▓▓▓
..'.........'........(..='..[[[[.
▓▓▓▓▓▓▓▓▓▓▓▓▓▓▓▓▓▓▓▓▓▓▓▓▓▓▓▓▓▓▓▓▓
................@&2X35X53{{{...{.
▓▓▓▓▓▓▓▓▓▓▓▓▓▓▓▓▓▓▓▓▓▓▓▓▓▓▓▓▓▓▓▓▓
______{{__'..|)[.[..)....(()){{..
▓▓▓▓▓▓▓▓▓▓▓▓▓▓▓▓▓▓▓▓▓▓▓▓▓▓▓▓▓▓▓▓▓


You could see Daoxt, 2 Orb Guardians, a blizzard demon, a ynoxinul, a white imp
and an ufetubus.

Vanquished Creatures
  the Royal Jelly (D)
  2 pandemonium lords (D)
  7 orbs of fire (D)
  Mennas (D)
  3 ancient liches (D)
  Boris (D)
  A Killer Klown (D)
  Margery (D)
  Frederick (D)
  Saint Roka (D)
  2 golden dragons (D)
  Xtahua (D)
  A Tzitzimitl (D)
  A bone dragon (D)
  Jory (D)
  2 electric golems (D)
  4 liches (D)
  2 Brimstone Fiends (D)
  4 tentacled monstrosities (D)
  2 Ice Fiends (D)
  3 Hell Sentinels (D)
  2 titans (D)
  4 deep elf blademasters (D)
  37 Orb Guardians (D)
  2 deep elf master archers (D)
  13 acid blobs (D)
  An Executioner (D)
  2 sphinxes (D)
  A death cob (D)
  Agnes (D)
  2 storm dragons (D)
  7 shadow dragons (D)
  A deep elf sorcerer (D)
  5 azure jellies (D)
  7 greater nagas (D)
  Wiglaf (D)
  Ilsuiw (D)
  2 draconian scorchers (D)
  A draconian monk (D)
  2 draconian knights (D)
  2 vault wardens (D)
  Aizul (D)
  A frost giant (D)
  2 cacodemons (D)
  6 emperor scorpions (D)
  4 draconian zealots (D)
  Louise (D)
  A draconian shifter (D)
  A balrug (D)
  6 ghost moths (D)
  A warmonger (D)
  A reaper (D)
  An angel (D)
  5 stone giants (D)
  8 vampire knights (D)
  2 ironheart preservers (D)
  A corrupter (D)
  5 black draconians (D)
  A purple draconian (D)
  3 red draconians (D)
  4 deep elf annihilators (D)
  2 green draconians (D)
  A white draconian (D)
  A chaos champion (D)
  4 yellow draconians (D)
  A deep elf demonologist (D)
  A mottled draconian (D)
  3 merfolk javelineers (D)
  25 vault guards (D)
  A deep elf death mage (D)
  2 ettins (D)
  5 death oozes (D)
  4 merfolk impalers (D)
  3 great orbs of eyes (D)
  6 fire dragons (D)
  Josephine (D)
  7 hydras (D)
  11 ice dragons (D)
  2 entropy weavers (D)
  2 naga warriors (D)
  A hell beast (D)
  A monstrous demonspawn (D)
  A catoblepas (D)
  2 centaur warriors (D)
  8 ogre magi (D)
  A death knight (D)
  2 tengu warriors (D)
  2 merfolk aquamancers (D)
  4 death yaks (D)
  A deep elf knight (D)
  Nergalle (D)
  2 shock serpents (D)
  3 soul eaters (D)
  2 sun demons (D)
  6 hell knights (D)
  A shadow wraith (D)
  A wizard (D)
  8 swamp dragons (D)
  A sea snake (D)
  An unseen horror (shapeshifter) (D)
  A deep troll (D)
  A large abomination (D)
  2 infernal demonspawn (D)
  A shadow demon (D)
  A torturous demonspawn (D)
  3 gelid demonspawn (D)
  A giant orange brain (D)
  3 ironbrand convokers (D)
  A hill giant (D)
  6 orc knights (D)
  An unseen horror (D)
  A shambling mangrove (D)
  A deep elf archer (D)
  A harpy (D)
  A wolf spider (D)
  A griffon (D)
  A hornet (D)
  A sixfirhy (D)
  An orc sorcerer (D)
  8 moths of wrath (D)
  A rust devil (D)
  4 black mambas (D)
  A siren (D)
  An octopode (shapeshifter) (D)
  A naga mage (D)
  4 guardian serpents (D)
  5 vault sentinels (D)
  A water nymph (D)
  3 smoke demons (D)
  2 orange demons (D)
  Psyche (D)
  A spiny frog (D)
  5 yaktaurs (D)
  An efreet (D)
  2 komodo dragons (D)
  2 ice devils (D)
  2 tormentors (D)
  4 hellwings (D)
  4 demonic crawlers (D)
  7 trolls (D)
  7 red devils (D)
  3 jumping spiders (D)
  6 merfolk (D)
  4 giant leeches (D)
  3 bog bodies (D)
  A blink frog (D)
  2 shadows (D)
  11 spriggans (D)
  A tarantella (D)
  2 redbacks (D)
  A wyvern (D)
  7 wraiths (D)
  4 yaks (D)
  2 neqoxecs (D)
  3 chaos spawn (D)
  A hippogriff (D)
  A golden eye (D)
  A vampire mosquito (D)
  A naga (D)
  2 water moccasins (D)
  An ice beast (D)
  9 orc warriors (D)
  A wasp (D)
  A phantom (D)
  2 boggarts (D)
  An eye of draining (shapeshifter) (D)
  A wolf (D)
  2 crocodiles (D)
  2 giant frogs (D)
  A wight (D)
  2 crimson imps (D)
  A hound (D)
  5 orc wizards (D)
  4 orc priests (D)
  2 iguanas (D)
  2 adders (D)
  2 river rats (D)
  3 shadow imps (D)
  An ufetubus (D)
  An adder zombie (D)
  A dart slug (D)
  14 orcs (D)
  A bat zombie (D)
  A hobgoblin (D)
  A quokka (D)
  A giant gecko simulacrum (D)
  A giant gecko zombie (D)
  3 kobolds (D)
  2 quokka zombies (D)
543 creatures vanquished.

Vanquished Creatures (others)
  An ancient lich (D)
  A greater naga (D)
  A deep elf sorcerer (D)
  A stone giant (D)
  2 merfolk javelineers (D)
  An ogre mage (D)
  A vampire mage (D)
  A golden eye (shapeshifter) (D)
  An orc wizard (D)
10 creatures vanquished.

Grand Total: 553 creatures vanquished

Notes
Turn   | Place    | Note
--------------------------------------------------------------
     0 | D        | wvc the Formicid Fighter began the quest for the Orb.
     0 | D        | Reached XP level 1. HP: 18/18 MP: 1/1
    25 | D        | Reached XP level 2. HP: 17/24 MP: 2/2
   123 | D        | Reached skill level 5 in Long Blades
   140 | D        | Reached XP level 3. HP: 11/29 MP: 3/3
   146 | D        | Reached XP level 4. HP: 15/35 MP: 4/4
   261 | D        | Found a glowing silver altar of Zin.
   261 | D        | Found a glowing golden altar of the Shining One.
   261 | D        | Found an ancient bone altar of Kikubaaqudgha.
   261 | D        | Found a basalt altar of Yredelemnul.
   261 | D        | Found a shimmering altar of Xom.
   261 | D        | Found a radiant altar of Vehumet.
   262 | D        | Found an iron altar of Okawaru.
   263 | D        | Found a burning altar of Makhleb.
   264 | D        | Found a deep blue altar of Sif Muna.
   265 | D        | Found a bloodstained altar of Trog.
   266 | D        | Found a sparkling altar of Nemelex Xobeh.
   267 | D        | Found a white marble altar of Elyvilon.
   268 | D        | Found a roughly hewn altar of Beogh.
   269 | D        | Found a viscous altar of Jiyva.
   270 | D        | Found a corrupted altar of Lugonu.
   271 | D        | Found a blossoming altar of Fedhas.
   272 | D        | Found a snail-covered altar of Cheibriados.
   273 | D        | Found a shadowy altar of Dithmenos.
   274 | D        | Found a stormy altar of Qazlal.
   275 | D        | Found an opulent altar of Gozag.
   276 | D        | Found a sacrificial altar of Ru.
   277 | D        | Found an oddly glowing altar of Pakellas.
   280 | D        | Became a worshipper of Cheibriados the Contemplative
   324 | D        | Noticed an ice beast
   324 | D        | Noticed a troll
   324 | D        | Noticed a phantom
   345 | D        | Killed an ice beast
   345 | D        | Reached * piety under Cheibriados
   345 | D        | Reached XP level 5. HP: 41/41 MP: 5/5
   355 | D        | Killed a troll
   355 | D        | Reached XP level 6. HP: 10/47 MP: 6/6
   355 | D        | Reached XP level 7. HP: 12/52 MP: 7/7
   358 | D        | Reached ** piety under Cheibriados
   588 | D        | Noticed a centaur warrior
   600 | D        | Killed a centaur warrior
   600 | D        | Reached skill level 5 in Armour
   600 | D        | Reached skill level 5 in Invocations
   600 | D        | Reached XP level 8. HP: 16/64 MP: 7/11
   604 | D        | Reached *** piety under Cheibriados
   885 | D        | Noticed a spiny frog
   885 | D        | Noticed a yak
   889 | D        | Noticed a five-headed hydra
   889 | D        | Killed a spiny frog
   889 | D        | Reached **** piety under Cheibriados
   889 | D        | Reached XP level 9. HP: 59/71 MP: 11/13
   894 | D        | Noticed a four-headed hydra
   897 | D        | Noticed a blink frog
   901 | D        | Reached skill level 10 in Shields
   904 | D        | Killed a five-headed hydra
   904 | D        | Reached ***** piety under Cheibriados
   905 | D        | Killed a five-headed hydra
   905 | D        | Reached XP level 10. HP: 34/82 MP: 12/16
  1157 | D        | Noticed a griffon
  1159 | D        | Reached ****** piety under Cheibriados
  1163 | D        | Noticed a komodo dragon
  1175 | D        | Killed a griffon
  1175 | D        | Reached skill level 10 in Fighting
  1175 | D        | Reached skill level 5 in Dodging
  1184 | D        | Killed a komodo dragon
  1218 | D        | Noticed a catoblepas
  1218 | D        | Noticed a death yak
  1218 | D        | Noticed a death yak
  1219 | D        | Noticed a death yak
  1219 | D        | Noticed a death yak
  1221 | D        | Reached skill level 10 in Armour
  1223 | D        | Killed a death yak
  1223 | D        | Reached XP level 11. HP: 95/95 MP: 6/17
  1223 | D        | Killed a death yak
  1223 | D        | Killed a death yak
  1240 | D        | Killed a death yak
  1250 | D        | Killed a catoblepas
  1598 | D        | Noticed Psyche
  1603 | D        | Killed Psyche
  1637 | D        | Noticed an orc knight
  1647 | D        | Killed an orc knight
  1651 | D        | Noticed a stone giant
  1661 | D        | Killed a stone giant
  1800 | D        | Noticed an orc knight
  1810 | D        | Noticed an orc knight
  1810 | D        | Killed an orc knight
  1810 | D        | Reached skill level 15 in Fighting
  1826 | D        | Killed an orc knight
  1826 | D        | Reached XP level 12. HP: 41/110 MP: 13/18
  2095 | D        | Found Neggaac's Jewellery Emporium.
  2095 | D        | Noticed a stone giant
  2095 | D        | Noticed an ogre mage
  2095 | D        | Noticed an ogre mage
  2097 | D        | Noticed an ogre mage
  2098 | D        | Killed an ogre mage
  2098 | D        | Reached skill level 15 in Long Blades
  2098 | D        | Killed an ogre mage
  2098 | D        | Killed an ogre mage
  2098 | D        | Reached skill level 15 in Armour
  2109 | D        | Killed a stone giant
  2121 | D        | Found Henir's Gadget Shoppe.
  2462 | D        | Found Jial's Gadget Emporium.
  2465 | D        | Found Vuelucs's General Store.
  2465 | D        | Noticed an ogre mage
  2471 | D        | Noticed a deep troll
  2479 | D        | Noticed an ogre mage
  2484 | D        | Killed an ogre mage
  2485 | D        | Killed a deep troll
  2497 | D        | Killed an ogre mage
  2518 | D        | Bought a +6 amulet of reflection for 350 gold pieces
  2535 | D        | Bought the ring of Shadows {Umbra +Inv rN+ SInv} for 534 gold pieces
  2831 | D        | Noticed a tengu warrior
  2831 | D        | Noticed an unseen horror
  2831 | D        | Noticed an ogre mage
  2835 | D        | Killed a tengu warrior
  2837 | D        | Killed an unseen horror
  2840 | D        | Noticed a vampire mage
  2841 | D        | Reached XP level 13. HP: 115/119 MP: 9/19
  2843 | D        | Noticed an ice dragon
  2860 | D        | Noticed an ice dragon
  2867 | D        | Killed an ice dragon
  2877 | D        | Killed an ice dragon
  3281 | D        | Noticed an ettin
  3282 | D        | Noticed a fire dragon
  3299 | D        | Killed an ettin
  3311 | D        | Killed a fire dragon
  3648 | D        | Reached skill level 15 in Shields
  3649 | D        | Noticed Josephine
  3651 | D        | Reached skill level 10 in Dodging
  3660 | D        | Killed Josephine
  3731 | D        | Noticed a merfolk javelineer
  3765 | D        | Killed a merfolk javelineer
  4004 | D        | Noticed a greater naga
  4015 | D        | Killed a greater naga
  4015 | D        | Reached XP level 14. HP: 83/131 MP: 20/20
  4594 | D        | Noticed an emperor scorpion
  4594 | D        | Noticed a ghost moth
  4615 | D        | Killed an emperor scorpion
  4625 | D        | Killed a ghost moth
  4781 | D        | Noticed Nergalle
  4788 | D        | Killed Nergalle
  4832 | D        | Noticed a stone giant
  4832 | D        | Noticed a stone giant
  4833 | D        | Killed a stone giant
  4833 | D        | Reached skill level 15 in Dodging
  4837 | D        | Noticed a frost giant
  4838 | D        | Killed a stone giant
  4839 | D        | Noticed a vampire knight
  4852 | D        | Killed a frost giant
  4864 | D        | Killed a vampire knight
  5216 | D        | Reached XP level 15. HP: 107/144 MP: 21/21
  5470 | D        | Noticed a sphinx
  5475 | D        | Noticed a stone giant
  5480 | D        | Killed a sphinx
  5488 | D        | Noticed a lich
  5493 | D        | Killed a stone giant
  5502 | D        | Killed a lich
  5653 | D        | Noticed Frederick
  5670 | D        | Killed Frederick
  6096 | D        | Noticed Mennas
  6145 | D        | Killed Mennas
  6393 | D        | Noticed Agnes
  6398 | D        | Killed Agnes
  6435 | D        | Noticed Wiglaf
  6456 | D        | Killed Wiglaf
  6483 | D        | Noticed Ilsuiw
  6488 | D        | Reached XP level 16. HP: 161/161 MP: 7/22
  6511 | D        | Killed Ilsuiw
  6553 | D        | Got a barnacled rune of Zot
  6635 | D        | Noticed a greater naga
  6635 | D        | Noticed a greater naga
  6636 | D        | Noticed a greater naga
  6637 | D        | Noticed a greater naga
  6645 | D        | Killed a greater naga
  6657 | D        | Killed a greater naga
  6663 | D        | Noticed a greater naga
  6672 | D        | Killed a greater naga
  6682 | D        | Killed a greater naga
  6685 | D        | Killed a greater naga
  6709 | D        | Noticed a greater naga
  6710 | D        | Noticed a greater naga
  6718 | D        | Killed a greater naga
  6718 | D        | Reached skill level 27 in Fighting
  6728 | D        | Killed a greater naga
  6730 | D        | Got a serpentine rune of Zot
  6890 | D        | Got a gossamer rune of Zot
  7007 | D        | Reached XP level 17. HP: 168/174 MP: 12/23
  7052 | D        | Got a decaying rune of Zot
  7588 | D        | Noticed a titan
  7618 | D        | Noticed a shadow dragon
  7634 | D        | Killed a titan
  7650 | D        | Killed a shadow dragon
  7654 | D        | Noticed a shadow dragon
  7655 | D        | Noticed a sphinx
  7712 | D        | Killed a shadow dragon
  7712 | D        | Reached XP level 18. HP: 135/182 MP: 18/24
  7801 | D        | Noticed a titan
  7832 | D        | Killed a titan
  7832 | D        | Reached skill level 27 in Armour
  7847 | D        | Got a silver rune of Zot
  7853 | D        | Identified the Guide on Glacial Curses (You found it in the Dungeon)
  7869 | D        | Got a warped leather armour
  7870 | D        | Identified the +4 leather armour of Hide-and-Seek {rElec MR++} (You took it off an ironheart preserver in the Dungeon)
  7936 | D        | Noticed Aizul
  7938 | D        | Noticed Xtahua
  7961 | D        | Killed Xtahua
  7961 | D        | Reached skill level 27 in Dodging
  7964 | D        | Killed Aizul
  7996 | D        | Got the amulet "Unwelys" {RegenMP rF+ rC+ rN+ MR-}
  7998 | D        | Got the ring of Beauty {Fire *Contam rPois MP+9 Str+2 Stlth+}
  8000 | D        | Got the amulet "Reterr" {Reflect rElec rN++ Str+4 SH+2 Stlth-}
  8013 | D        | Got the amulet of Heygeoq {Dismiss *Confuse rN+ Dex+4}
  8016 | D        | Got the ring "Qijaej" {rF- rC+ MR+ Int+3}
  8025 | D        | Got the +5 demon blade of Linearity {freeze, rF+ Int+4 SInv}
  8029 | D        | Got the +5 great sword "Otseuxze" {flame, rN+ Int+5 Dex-2 Stlth+}
  8100 | D        | Noticed Margery
  8102 | D        | Noticed Louise
  8111 | D        | Killed Margery
  8120 | D        | Killed Louise
  8138 | D        | Noticed Jory
  8156 | D        | Killed Jory
  8238 | D        | Noticed Boris
  8250 | D        | Killed Boris
  8285 | D        | Noticed Saint Roka
  8302 | D        | Killed Saint Roka
  8392 | D        | Noticed a bone dragon
  8408 | D        | Killed a bone dragon
  8417 | D        | Noticed a golden dragon
  8423 | D        | Reached XP level 19. HP: 166/189 MP: 25/25
  8446 | D        | Killed a golden dragon
  8478 | D        | Noticed a tentacled monstrosity
  8486 | D        | Killed a tentacled monstrosity
  8501 | D        | Reached skill level 27 in Long Blades
  8524 | D        | Noticed a tentacled monstrosity
  8528 | D        | Killed a tentacled monstrosity
  8563 | D        | Noticed a tentacled monstrosity
  8588 | D        | Killed a tentacled monstrosity
  8774 | D        | Reached skill level 27 in Shields
  8910 | D        | Noticed an Orb Guardian
  8910 | D        | Noticed an Orb Guardian
  8910 | D        | Noticed an Orb Guardian
  8910 | D        | Noticed an Orb Guardian
  8910 | D        | Noticed an Orb Guardian
  8910 | D        | Noticed an Orb Guardian
  8913 | D        | Killed an Orb Guardian
  8914 | D        | Killed an Orb Guardian
  8915 | D        | Noticed an Orb Guardian
  8916 | D        | Killed an Orb Guardian
  8917 | D        | Killed an Orb Guardian
  8917 | D        | Reached skill level 15 in Invocations
  8917 | D        | Reached XP level 20. HP: 197/197 MP: 25/31
  8953 | D        | Noticed a tentacled monstrosity
  8959 | D        | Killed a tentacled monstrosity
  9016 | D        | Noticed an ancient lich
  9022 | D        | Killed an ancient lich
  9025 | D        | Noticed an orb of fire
  9037 | D        | Gained mutation: You are frail (-10% HP). [an orb of fire]
  9039 | D        | Gained mutation: You are dopey. (Int -2) [an orb of fire]
  9051 | D        | Killed an orb of fire
  9051 | D        | Reached skill level 27 in Invocations
  9254 | D        | Noticed an electric golem
  9271 | D        | Killed an electric golem
  9276 | D        | Noticed an orb of fire
  9276 | D        | Noticed an ancient lich
  9276 | D        | Noticed an orb of fire
  9276 | D        | Noticed a golden dragon
  9276 | D        | Noticed an orb of fire
  9277 | D        | Gained mutation: You expend magic power (3 MP) to strengthen your wands. [an orb of fire]
  9280 | D        | Killed an orb of fire
  9280 | D        | Killed an orb of fire
  9280 | D        | Killed an orb of fire
  9280 | D        | Reached XP level 21. HP: 183/183 MP: 23/38
  9282 | D        | Killed an ancient lich
  9283 | D        | Noticed an orb of fire
  9284 | D        | Noticed a Killer Klown
  9288 | D        | Noticed an orb of fire
  9293 | D        | Noticed an electric golem
  9296 | D        | Killed an orb of fire
  9302 | D        | Killed a golden dragon
  9302 | D        | Reached skill level 27 in Stealth
  9305 | D        | Killed an orb of fire
  9310 | D        | Killed a Killer Klown
  9318 | D        | Reached skill level 15 in Evocations
  9323 | D        | Killed an electric golem
  9558 | D        | Noticed an orb of fire
  9560 | D        | Gained mutation: Your body sometimes deteriorates upon taking damage. [an orb of fire]
  9570 | D        | Killed an orb of fire
  9788 | D        | Reached XP level 22. HP: 174/190 MP: 39/39
  9853 | D        | Lost mutation: Your body sometimes deteriorates upon taking damage. [potion of cure mutation]
  9853 | D        | Lost mutation: You are dopey. (Int -2) [potion of cure mutation]
  9853 | D        | Lost mutation: You expend magic power (3 MP) to strengthen your wands. [potion of cure mutation]
  9853 | D        | Lost mutation: You are frail (-10% HP). [potion of cure mutation]
  9902 | D        | Noticed an ancient lich
  9902 | D        | Noticed an ancient lich
  9911 | D        | Killed an ancient lich
  9919 | D        | Killed an ancient lich
  9919 | D        | Reached skill level 27 in Evocations
  9926 | D        | Reached skill level 10 in Throwing
  9953 | D        | Reached skill level 15 in Throwing
 10063 | D        | Got an elven rune of Zot
 10211 | D        | Noticed the Royal Jelly
 10313 | D        | Killed the Royal Jelly
 10620 | D        | Reached XP level 23. HP: 219/219 MP: 40/40
 10633 | D        | Reached skill level 27 in Throwing
 10633 | D        | Reached skill level 1 in Spellcasting
 10638 | D        | Reached skill level 5 in Spellcasting
 10652 | D        | Reached skill level 10 in Spellcasting
 10661 | D        | Got a slimy rune of Zot
 10992 | D        | Got the Orb of Zot
 11360 | D        | Reached skill level 15 in Spellcasting
 11452 | D        | Noticed Kymah the pandemonium lord
 11482 | D        | Killed Kymah the pandemonium lord
 12484 | D        | Reached skill level 27 in Spellcasting
 12484 | D        | Reached skill level 5 in Unarmed Combat
 12529 | D        | HP: 3/219 [Hell Sentinel/damnation (35)]
 12531 | D        | Reached skill level 10 in Unarmed Combat
 12565 | D        | Reached XP level 24. HP: 32/227 MP: 54/54
 12821 | D        | Reached skill level 15 in Unarmed Combat
 12871 | D        | Noticed Echoa the pandemonium lord
 12880 | D        | Gained mutation: You are clumsy. (Dex -2) [a neqoxec]
 12884 | D        | Killed Echoa the pandemonium lord
 12987 | D        | Noticed Daoxt the pandemonium lord
 13006 | D        | Mangled by Daoxt the pandemonium lord

Vault maps used:
D:        linesprint

Skill      XL: |  1  2  3  4  5  6  7  8  9 10 11 12 13 14 15 16 17 18 19 20 21 22 23 24 |
---------------+-------------------------------------------------------------------------+-----
Long Blades    | 4 6 7 11 13 14 16 18 25 27 | 27.0
Fighting       | 6 8 12 15 16 18 21 24 27 | 27.0
Armour         | 5 6 8 10 14 16 17 20 25 27 | 27.0
Dodging        | 2 4 6 8 9 12 17 20 22 25 27 | 27.0
Shields        | 8 9 12 13 15 27 | 27.0
Invocations    | 5 6 8 15 27 | 27.0
Stealth        | 22 27 | 27.0
Evocations     | 25 27 | 27.0
Throwing       | 26 27 | 27.0
Spellcasting   | 27 | 27.0
Unarmed Combat | 12 18 | 18.6

Action                   |  1- 3 |  4- 6 |  7- 9 | 10-12 | 13-15 | 16-18 | 19-21 | 22-24 || total
-------------------------+-------+-------+-------+-------+-------+-------+-------+-------++-------
Melee: Long sword        |    51 |       |       |       |       |       |       |       ||    51
       Scimitar          |       |    29 |    30 |    60 |       |       |       |       ||   119
       Great sword       |       |       |       |    79 |   446 |    71 |   240 |   560 ||  1396
       Demon blade       |       |       |       |       |    65 |   690 |   165 |     1 ||   921
Invok: Slouch            |       |       |       |    12 |    11 |     8 |     6 |     1 ||    38
       Temporal Distorti |       |       |       |     2 |       |       |       |       ||     2
       Step From Time    |       |       |       |       |       |       |       |     1 ||     1
Evoke: Wand              |       |       |     7 |       |       |       |       |       ||     7
  Use: Potion            |     1 |     2 |     1 |     1 |     4 |     1 |       |    18 ||    28
       Scroll            |       |       |       |     1 |     2 |     5 |       |       ||     8
 Stab: Petrified         |       |       |       |     2 |       |       |       |       ||     2
       Sleeping          |       |       |       |       |     1 |       |       |       ||     1
       Paralysed         |       |       |       |       |       |     1 |       |       ||     1
       Distracted        |       |       |       |       |       |       |       |     4 ||     4
  Eat: Bread ration      |       |       |       |     1 |       |       |       |       ||     1
       Fruit             |       |       |       |       |    11 |    11 |       |    11 ||    33
       Chunk             |       |       |       |       |     1 |       |       |       ||     1
Armor: Scale mail        |    25 |       |       |       |       |       |       |       ||    25
       Chain mail        |       |    10 |    15 |    29 |       |       |       |       ||    54
       Ring mail         |       |       |       |       |    13 |       |       |       ||    13
       Plate armour      |       |       |       |       |     8 |    51 |       |       ||    59
       Gold dragon armou |       |       |       |       |       |     9 |    30 |    63 ||   102
Dodge: Dodged            |    16 |     8 |     9 |    52 |   197 |   270 |   125 |   164 ||   841
Block: Shield            |    28 |    19 |    21 |    84 |       |       |       |       ||   152
       Large shield      |       |       |       |     8 |   515 |   686 |   331 |   636 ||  2176
       Reflection        |       |       |       |       |    13 |    20 |     3 |    15 ||    51
